 Dungeon Crawl Stone Soup version 0.31-a0-217-g58bb5d79cf (webtiles) character file.

Game seed: 7880700906165062594

18 qw the Shooter (level 2, -5/24 HPs)
             Began as a Minotaur Hexslinger on July 2, 2023.
             Slain by Terence
             ... wielding a +0 flail
              (8 damage)
             ... on level 2 of the Dungeon.
             The game lasted 00:00:16 (778 turns).

qw the Shooter (Minotaur Hexslinger)                 Turns: 778, Time: 00:00:16

Health: -5/24      AC:  5    Str: 12    XL:     2   Next: 48%
Magic:  2/2        EV: 10    Int: 10    God:
Gold:   54         SH:  0    Dex: 12    Spells: 2/3 levels left

rFire   . . .        Y - +2 sling
rCold   . . .        (no shield)
rNeg    . . .        j - +0 ring mail
rPois   .            (helmet restricted)
rElec   .            (no cloak)
rCorr   .            (no gloves)
SInv    .            (no boots)
Will    .....        (no amulet)
Stlth   +            (no ring)
HPRegen 0.24/turn    (no ring)
MPRegen 0.08/turn

%: no passive effects
@: about to teleport
A: horns 2, retaliatory headbutt
a: no special abilities


You were on level 2 of the Dungeon.
You visited 1 branch of the dungeon, and saw 2 of its levels.

You collected 54 gold pieces.


Innate Abilities, Weirdness & Mutations

You have a pair of horns on your head.
You reflexively headbutt those who attack you in melee.


   Skills:
 - Level 2.0 Fighting
 + Level 3.1 Ranged Weapons
 - Level 2.1 Dodging
 - Level 1.0 Spellcasting
 - Level 2.0 Hexes


You had 2 spell levels left.
You knew the following spells:

 Your Spells              Type           Power      Damage    Failure   Level
a - Slow                  Hex            16%        N/A       34%         1

Your spell library contained the following spells:

 Spells                   Type           Power      Damage    Failure   Level
 Inner Flame              Hex/Fire       2%         N/A       83%         3
 Portal Projectile        Hex/Tloc       4%         N/A       83%         3
 Cause Fear               Hex            2%         N/A       98%         4

Inventory:

Hand Weapons
 Y - a +2 sling (weapon)
Armour
 j - a +0 ring mail (worn)
Jewellery
 a - a ring of resist corrosion
Scrolls
 c - a scroll of torment {unknown}
Potions
 e - a potion of heal wounds {unknown}
 h - a potion of degeneration {unknown}
 k - a potion of resistance {unknown}

Dungeon Overview and Level Annotations

Branches:
Dungeon (2/15)

Altars:

Annotations:
D:2 Terence


Message History

You now have 54 gold pieces (gained 9).
a - a ring of resist corrosion
Found a stone staircase leading down.
b - a scroll of teleportation You open the door.
There is an open door here.
c - a scroll labelled BENUMUREAPH
There is a stone staircase leading down here.
Terence the Incautious comes into view.
He is wielding a +0 flail.
Found 9 gold pieces.
Terence shouts!
You shoot a sling bullet.
The sling bullet closely misses Terence.
You shoot a sling bullet.
The sling bullet hits Terence but does no damage.
You shoot a sling bullet. The sling bullet hits Terence.
Terence is lightly wounded.
You shoot a sling bullet.
The sling bullet closely misses Terence.
Terence barely misses you.
You shoot a sling bullet. The sling bullet hits Terence.
Terence is moderately wounded.
Terence hits you with a +0 flail.
Terence shouts, "Get ready for death!"
Terence hits you with a +0 flail.
You shoot a sling bullet. The sling bullet hits Terence.
Terence is moderately wounded.
Terence says, "Rest in peace."
Terence hits you with a +0 flail.
You shoot a sling bullet. The sling bullet hits Terence.
Terence is heavily wounded.
Terence drinks a potion.
Terence is healed!
You shoot a sling bullet.
The sling bullet closely misses Terence.
Terence hits you but does no damage. Terence hits you with a +0 flail!
778 ||| READING scroll of teleportation.
As you read the scroll of teleportation, it crumbles to dust.
You feel strangely unstable. Terence hits you with a +0 flail!
You die...

####### .......
....... .......
....... ##### .......
#######...####......$
#..>.........@@......
#.#####.#.#.#........
#.# #.......######.
#.#######.#....#######
#...##....##.........#
###.##.#.............#
#.##'#.##..........#
#......###.........#
##.....+...........#


You could see Terence.

Vanquished Creatures
  A dart slug (D:1)
  A ball python (D:1)
  2 endoplasms (D:1)
  A giant cockroach (D:1)
  3 goblins (D:1)
  A hobgoblin (D:1)
  2 quokkas
  A frilled lizard (D:1)
  A kobold (D:1)
13 creatures vanquished.

Notes
Turn   | Place    | Note
-------+----------+-------------------------------------------
     0 | D:1      | qw the Minotaur Hexslinger began the quest for the Orb.
     0 | D:1      | Reached XP level 1. HP: 16/16 MP: 1/1
     0 | D:1      | 0 ||| qw: Version: 0.3-a-40-ge99b1a8
     0 | D:1      | 0 ||| qw: Game counter: 221
     0 | D:1      | 0 ||| qw: Melee chars always use a shield: true
     0 | D:1      | 0 ||| qw: God list: Okawaru
     0 | D:1      | 0 ||| qw: Allow faded altars: false
     0 | D:1      | 0 ||| qw: Do Orc after clearing Dungeon:15 true
     0 | D:1      | 0 ||| qw: Do second Lair branch before Depths: true
     0 | D:1      | 0 ||| qw: Lair rune preference: random
     0 | D:1      | 0 ||| qw: Goals: Normal
     0 | D:1      | 0 ||| PLANNING D:1-11
   132 | D:1      | 132 ||| FLEEEEING.
   286 | D:1      | Reached skill level 3 in Ranged Weapons
   286 | D:1      | Reached XP level 2. HP: 23/23 MP: 2/2
   676 | D:1      | 676 ||| UPGRADING to +0 ring mail.
   686 | D:1      | 686 ||| DROPPING +0 robe.
   687 | D:1      | 687 ||| READING scroll labelled PET GOETED.
   690 | D:1      | 690 ||| READING scroll labelled ROADDU KAPTIYL.
   691 | D:1      | 691 ||| READING scroll labelled HEQ VEFOMUCOF.
   692 | D:1      | 692 ||| READING scroll labelled YGUHID LIUDIUS.
   693 | D:1      | 693 ||| DROPPING scroll of poison.
   713 | D:2      | 713 ||| STAIRDANCE
   769 | D:2      | Noticed Terence
   777 | D:2      | HP: 3/24 [Terence/+0 flail (8)]
   778 | D:2      | 778 ||| READING scroll of teleportation.
   778 | D:2      | Slain by Terence

Levels and vault maps discovered:
D:1:      ncdulo_smallfort, layout_basic
D:2:      layout_basic, uniq_terence

Skill      XL: |  1  2 |
---------------+-------+-----
Ranged Weapons | 3 |  3.1
Fighting       | 2 |  2.0
Dodging        | |  2.1
Spellcasting   | |  1.0
Hexes          | |  2.0

Action                     || total
---------------------------++-------
   Fire: Sling             ||    51
    Use: Scroll            ||     5
 Armour: Robe              ||     1
         Ring mail         ||     3
  Dodge: Dodged            ||    17

Table legend:
 A = Non-vault XP
 B = Vault XP
 C = Vault XP percentage of total XP
 D = Non-vault monster count
 E = Vault monster count
 F = Vault count percentage of total count
                 A         B        C        D         E       F
            +---------+---------+-------+---------+---------+-------
      Total |      26 |       0 |   0.0 |      13 |       0 |   0.0
            +---------+---------+-------+---------+---------+-------
        D:1 |      24 |       0 |   0.0 |      12 |       0 |   0.0
        D:2 |       2 |       0 |   0.0 |       1 |       0 |   0.0
            +---------+---------+-------+---------+---------+-------
